 Dungeon Crawl Stone Soup version 0.27-a0-1137-g3ef0f4ec91 (webtiles) character file.

Game seed: 1507564752476940580

607 kae the Distorting Demonspawn (level 7, -5/55 HPs)
             Began as a Demonspawn Abyssal Knight on May 6, 2021.
             Was a Believer of Lugonu.
             Killed by nerve-wracking pain
             ... invoked by an orc priest
              (12 damage)
             ... on level 5 of the Dungeon.
             The game lasted 00:05:28 (6991 turns).

kae the Distorting Demonspawn (DsAK)                Turns: 6991, Time: 00:05:28

Health: -5/55      AC:  7    Str: 14    XL:     7   Next: 19%
Magic:  11/11      EV: 11    Int: 13    God:    Lugonu [**....]
Gold:   149        SH:  0    Dex: 13    Spells: 6/6 levels left

rFire    . . .     SeeInvis .   a - +2 falchion
rCold    . . .     Faith    .   (no shield)
rNeg     . . .     Spirit   .   b - +0 leather armour
rPois    .         Reflect  .   c - +0 helmet
rElec    .         Harm     .   (no cloak)
rCorr    .         Rampage  .   e - +0 pair of gloves
Will     .....                  h - +1 pair of boots
Stlth    +.........             (no amulet)
HPRegen  0.18/turn              (no ring)
MPRegen  0.12/turn              (no ring)

@: brilliant
A: claws 2, demonic magic 2
a: Renounce Religion, Depart the Abyss, Bend Space


You were on level 5 of the Dungeon.
You worshipped Lugonu.
Lugonu was pleased with you.
You visited 2 branches of the dungeon, and saw 6 of its levels.
You visited the Abyss 1 time.

You collected 149 gold pieces.

Inventory:

Hand Weapons
 a - a +2 falchion (weapon)
Armour
 b - a +0 leather armour (worn)
 c - a +0 helmet (worn)
 e - a +0 pair of gloves (worn)
 h - a +1 pair of boots (worn)
Scrolls
 g - 4 scrolls of identify
Potions
 f - a potion of flight
 i - a potion of brilliance


   Skills:
 + Level 4.8 Fighting
 - Level 2.1 Long Blades
 - Level 1.7 Armour
 - Level 0.8 Dodging
 * Level 4.6 Unarmed Combat
 + Level 5.5 Invocations


You had 6 spell levels left.
You didn't know any spells.
Your spell library contained the following spells:

 Spells                   Type           Power      Damage    Failure   Level
 Freeze                   Ice            0%         1d3       36%         1
 Magic Dart               Conj           0%         1d3       36%         1
 Sandblast                Erth           0%         2d4       36%         1
 Blink                    Tloc           N/A        N/A       50%         2
 Call Imp                 Summ           0%         N/A       50%         2
 Passwall                 Tmut/Erth      0%         N/A       50%         2
 Slow                     Hex            0%         N/A       50%         2
 Conjure Flame            Conj/Fire      0%         6-21      75%         3
 Frozen Ramparts          Ice            0%         1d2       75%         3
 Mephitic Cloud           Conj/Pois/Air  0%         N/A       75%         3
 Ozocubu's Armour         Ice            0%         N/A       75%         3
 Stone Arrow              Conj/Erth      0%         3d7       75%         3
 Hailstorm                Conj/Ice       0%         3d3       98%         4
 Petrify                  Tmut/Erth      0%         N/A       98%         4
 Lee's Rapid Deconstruct  Erth           0%         3d5*      100%        5
 Metabolic Englaciation   Hex/Ice        0%         N/A       100%        5


Dungeon Overview and Level Annotations

Branches:
Dungeon (5/15)             Temple (1/1) D:5

Altars:
Cheibriados
Dithmenos
Elyvilon
Fedhas
Gozag
Hepliaklqana
Makhleb
Nemelex Xobeh
Qazlal
Ru
Sif Muna
Trog
Xom
Yredelemnul
The Shining One

Shops:
D:1 =   D:4 (


Innate Abilities, Weirdness & Mutations

You have very sharp fingernails.
Spells you cast may paralyse nearby enemies.


Message History

You feel clever all of a sudden.
The orc priest miscasts a cantrip.
The orc wizard hits you but does no damage.
You are too confused!
You hit the orc wizard.
You punch the orc wizard, but do no damage.
The orc wizard is severely wounded.
You feel less confused.
The orc wizard hits you but does no damage.
You hit the orc wizard.
The orc wizard is almost dead.
The orc wizard hits you but does no damage.
The orc priest calls upon Beogh to heal the orc wizard.
The orc wizard is healed somewhat.
You barely miss the orc wizard.
The orc wizard is heavily wounded.
The orc wizard points at you and mumbles some strange words.
The puff of flame hits you!
You closely miss the orc wizard. You punch the orc wizard.
The orc wizard is severely wounded.
The orc wizard casts a spell at you. The magic dart hits you.
You hit the orc wizard.
The orc wizard is almost dead.
The orc wizard misses you.
The orc priest calls upon Beogh to heal the orc wizard.
The orc wizard is healed somewhat.
The orc wizard hits you with a +0 dagger.
You hit the orc wizard.
You kill the orc wizard!
Lugonu accepts your kill.
The orc priest calls down the wrath of Beogh upon you.
Beogh smites you!
* * * LOW HITPOINT WARNING * * *
Okay, then.
As you read the scroll labelled SIDUAX GESIOSK, it crumbles to dust.
You feel aware of your surroundings.
It was a scroll of magic mapping.
The orc priest invokes the aid of Beogh against you.
Pain shoots through your body!
You die...

.#.....**,*#.#.#*#.....>....#
....o.,,,<*#.#.............######
....o.,*****,############........
......,* *,,,,>................
.....#** ****##########........
.....# #.....####........ ...o.#
#.#..#......###### ...o.##
#.#..#......# #... ......##
#@#..#....[.# #... .......###
#)#..#......# #...
........o#######o####......# #...
########........o..........# #...
,,,,,,,#..###############.## ####
******,#..# #.# # ,,,,,,,#..#
#<#** # *******#..# #.#,* #
,,,,,,,#..# #.#,* #


You could see an orc priest and an orc.

Vanquished Creatures
  A necrophage (D:2)
  A phantom (D:4)
  A scorpion (D:4)
  A centaur skeleton (D:4)
  A jelly (D:5)
  2 bullfrog skeletons (D:5)
  A hound (D:5)
  Natasha (thrice) (D:2)
  2 orc wizards (D:5)
  Robin (D:2)
  3 adders
  2 adder skeletons (D:4)
  A worm (D:4)
  A dart slug (D:3)
  4 orcs
  4 ball pythons
  3 endoplasms
  2 giant cockroaches
  19 goblins
  2 hobgoblins
  4 jackals
  5 kobolds
  3 quokkas
  4 bats
  4 rats
75 creatures vanquished.

Notes
Turn   | Place    | Note
-------+----------+-------------------------------------------
     0 | Abyss:1  | kae the Demonspawn Abyssal Knight began the quest for the
                  | Orb.
     0 | Abyss:1  | Reached XP level 1. HP: 18/18 MP: 2/2
    30 | Abyss:1  | Noticed a deep elf sorcerer
    31 | Abyss:1  | Noticed a spatial maelstrom
    32 | Abyss:1  | Noticed a spatial vortex
    33 | D:1      | Escaped the Abyss
   276 | D:1      | Found Qopelost's Jewellery Shop.
   388 | D:1      | Gained mutation: You have sharp fingernails. [demonic
                  | ancestry]
   388 | D:1      | Reached XP level 2. HP: 17/24 MP: 4/4
  1101 | D:2      | Reached * piety under Lugonu
  1131 | D:2      | Reached skill level 3 in Invocations
  1489 | D:2      | Noticed Robin
  1504 | D:2      | Killed Robin
  1505 | D:2      | Reached skill level 1 in Unarmed Combat
  1505 | D:2      | Gained mutation: Spells you cast may paralyse adjacent
                  | enemies. [demonic ancestry]
  1505 | D:2      | Reached XP level 3. HP: 18/29 MP: 5/5
  2237 | D:2      | Noticed Natasha
  2246 | D:2      | HP: 1/29 [Natasha (7)]
  2247 | D:2      | Killed Natasha
  2248 | D:2      | Gained mutation: You have very sharp fingernails. [demonic
                  | ancestry]
  2248 | D:2      | Reached XP level 4. HP: 1/35 MP: 6/6
  2261 | D:2      | Noticed Natasha
  2978 | D:3      | Found a faded altar of an unknown god.
  3082 | D:3      | Noticed a necrophage
  3105 | D:2      | Killed a necrophage
  3106 | D:2      | Reached skill level 4 in Invocations
  3106 | D:2      | Reached XP level 5. HP: 7/42 MP: 6/8
  3331 | D:2      | Killed Natasha
  3555 | D:2      | Noticed Natasha
  3564 | D:2      | Killed Natasha
  4482 | D:3      | Found a sparkling altar of Nemelex Xobeh.
  4684 | D:4      | Found a burning altar of Makhleb.
  4684 | D:4      | Noticed an ogre
  4829 | D:4      | Reached XP level 6. HP: 31/48 MP: 9/9
  5040 | D:4      | Found Ybla's Antique Weapon Shop.
  6000 | D:5      | Entered Level 5 of the Dungeon
  6019 | D:4      | Reached ** piety under Lugonu
  6020 | D:4      | Reached skill level 5 in Invocations
  6151 | D:5      | Found a staircase to the Ecumenical Temple.
  6195 | Temple   | Entered the Ecumenical Temple
  6593 | D:5      | Gained mutation: Spells you cast may paralyse nearby
                  | enemies. [demonic ancestry]
  6593 | D:5      | Reached XP level 7. HP: 41/55 MP: 9/11
  6991 | D:5      | Killed from afar by an orc priest

Illustrated notes

Levels and vault maps discovered:
D:1:      dpeg_arrival_leaves_temple_mockup, layout_loops_ring, serial_shops,
          nicolae_shop_stone
D:2:      layout_loops_cross, serial_glass, glass_columns_a, glass_columns_b,
          glass_columns_a, glass_columns_b, glass_columns_c, glass_columns_c,
          glass_columns_b, glass_columns_c, glass_columns_c, glass_columns_b,
          uniq_robin, uniq_natasha
D:3:      layout_rooms, nemelex_spade_bored_becter,
          shapermc_ecumenical_altar_totnotflames
D:4:      layout_loops_ring, bloody_makhleb, serial_shops, shop
D:5:      layout_basic, minmay_temple_entry_slanted, minmay_misc_feat_diagonals,
          minivault_27
Temple:   nicolae_temple_figure_eight

Skill      XL: |  1  2  3  4  5  6 |
---------------+-------------------+-----
Long Blades    | 2 |  2.1
Invocations    | 3 4 5 |  5.5
Unarmed Combat | 1 2 3 4 |  4.6
Fighting       | 4 |  4.8
Armour         | |  1.7
Dodging        | |  0.8

Action                   |  1- 3 |  4- 6 |  7- 9 || total
-------------------------+-------+-------+-------++-------
Melee: Falchion          |   105 |   152 |    29 ||   286
       Punch             |       |     1 |     2 ||     3
Invok: Depart the Abyss  |     1 |       |       ||     1
  Use: Scroll            |     3 |     4 |     1 ||     8
       Potion            |     1 |       |     2 ||     3
 Stab: Sleeping          |       |     1 |       ||     1
Armor: Leather armour    |    21 |    51 |    16 ||    88
Dodge: Dodged            |    65 |    80 |    11 ||   156
       Rpst.: Falchion   |    23 |    24 |     2 ||    49

Table legend: (Time is in decaauts)
 A = Elapsed time spent in this place.
 B = Non-inter-level travel time spent in this place.
 C = Inter-level travel time spent in this place.
 D = Time resting spent in this place.
 E = Time spent auto-exploring this place.
 F = Levels seen in this place.
 G = Mean time per level.
                   A        B        C        D        E       F      G
               +--------+--------+--------+--------+--------+-----+--------+
         Total |   7056 |   6773 |    283 |   1625 |   4219 |   7 | 1008.0 |
       Dungeon |   6675 |   6405 |    270 |   1625 |   3855 |   5 | 1335.0 |
        Temple |    347 |    334 |     13 |      0 |    334 |   1 |  347.0 |
         Abyss |     33 |     33 |      0 |      0 |     30 |   1 |   33.0 |
               +--------+--------+--------+--------+--------+-----+--------+

Top non-repeatable levels by time:
     D:2: 2270 daAuts
     D:1: 1628 daAuts
     D:4: 1379 daAuts
     D:3: 827 daAuts
     D:5: 570 daAuts
  Temple: 347 daAuts
 Abyss:1: 33 daAuts
